 Dungeon Sprint DCSS version 0.31-a0-986-g5e6e4ef867 (webtiles) character file.

Game seed: 6038095700956190707

470 rocky1 the Grappler (level 7, -2/64 (66) HPs)
             Began as a Naga Shapeshifter on Nov 4, 2023.
             Was an Initiate of Gozag.
             Slain by a wight
             ... wielding a +3 long sword of freezing
              (5 damage)
             ... in the Dungeon (Sprint VII: "The Pits").
             The game lasted 00:03:25 (903 turns).

rocky1 the Grappler (Naga Shapeshifter)              Turns: 903, Time: 00:03:26

HP:   -2/64 (66)    AC:  9    Str: 19    XL:     7   Next: 9%
MP:   7/7           EV:  6    Int: 10    God:    Gozag
Gold: 909           SH:  0    Dex: 10    Spells: 6/6 levels left

rFire   . .          .
                       - Unarmed
rCold   . . .        (no shield)
rNeg    . . .        o - +3 chain mail
rPois   +            (helmet currently unavailable)
rElec   .            (cloak currently unavailable)
rCorr   .            (gloves currently unavailable)
SInv    +            (no barding)
Will    .....        (no amulet) Stlth
                     (no ring)
HPRegen 0.30/turn    (no ring)
MPRegen 0.10/turn

%: no teleportation
@: beast-form, lightly drained, very slow
A: beast (slay +4), AC +2, large, see invisible, deformed body, poison
resistance, slowness 2, spit poison 1, naga tail 1
a: Spit Poison, Begin Untransformation, Renounce Religion, Potion Petition, Call
Merchant, Bribe Branch


You were in the Dungeon.
You worshipped Gozag.
Gozag was pleased with you.
You were a hulking beast.
You visited 1 branch You collected 909 gold pieces.

Inventory:

Armour
 a - a +0 animal skin
 o - a +3 chain mail (worn)
Talismans
 c - a beast talisman
 d - a flux talisman
Scrolls
 j - a scroll of blinking
 l - 2 scrolls of vulnerability
 m - 5 scrolls of amnesia
 n - a scroll of summoning
Potions
 b - a potion of lignification
 e - 5 potions of curing
 f - 5 potions of heal wounds
 g - a potion of haste
 h - 4 potions of magic
 i - 2 potions of berserk rage
 k - 2 potions of invisibility


   Skills:
 * Level 4.7 Fighting
 + Level 0.8 Armour
 + Level 3.0 Dodging
 * Level 10.4 Unarmed Combat
 * Level 9.0 Shapeshifting


You had 6 spell levels left.
You didn't know any spells.
Your spell library was empty.

Dungeon Overview and Level Annotations

Branches:
Dungeon (1/1)

Altars:
Ashenzari
Cheibriados
Dithmenos
Elyvilon
Fedhas
Gozag
Hepliaklqana
Kikubaaqudgha
Makhleb
Nemelex Xobeh
Okawaru
Qazlal
Ru
Sif Muna
Trog
Uskayaw
Vehumet
Wu Jian
Xom
Yredelemnul
Zin
The Shining One
Jiyva
Lugonu


Innate Abilities, Weirdness & Mutations

You are a hulking beast.
Your limbs bulge with bestial killing power. (Slay +4)
Your serpentine skin is tough. (AC +2)
You have supernaturally acute eyesight. (SInv)
Armour fits poorly on your strangely shaped body.
Your system is resistant to poisons. (rPois)
You cover ground very slowly.
You can spit poison.
You have a snake-like lower body.


Message History

You destroy the wight!
The bat hits you but does no damage.
Your life force feels restored.
Your Dodging skill increases to level 3!
Your Shapeshifting skill increases to level 9!
You have reached level 7!
You closely miss the bat. You punch the bat.
You kill the bat!
You feel better.
The wight hits you with a +3 long sword of freezing.
* * * LOW HITPOINT WARNING * * *
The wight freezes you.
* * * LOW HITPOINT WARNING * * *
Unknown command.
You barely miss the wight.
The wight hits you with a +3 long sword of freezing.
* * * LOW HITPOINT WARNING * * *
The wight freezes you.
* * * LOW HITPOINT WARNING * * *
You closely miss the wight.
The wight hits you with a +3 long sword of freezing.
* * * LOW HITPOINT WARNING * * *
The wight freezes you.
* * * LOW HITPOINT WARNING * * *
Unknown command.
You feel much better.
The wight is distracted by your dazzling golden aura.
Unknown command.
You hit the wight.
The wight is no longer distracted by gold.
The wight is lightly damaged.
You barely miss the wight. Your punch misses the wight.
The wight is lightly damaged.
The wight hits you with a +3 long sword of freezing!
* * * LOW HITPOINT WARNING * * *
You feel drained.
* * * LOW HITPOINT WARNING * * *
The wight freezes you.
You die...
Your body crumbles into a pile of gold.

#.#........##.......#
#.#........##.......#
#.#####'#####...<...#
#.#...)))..##.......#
#)#...)))[.##.......#
#'###########.......#
#.......#.. #########
#.......#z#
#...#...#h#
#..###..#'#
#...#...#.+
#.......#)#
#.......'.#
###########


You could see a wight.

Vanquished Creatures
  A glass eye (D)
  A bullfrog (D)
  2 wights (D)
  A jelly (D)
  An iguana (D)
  3 gnolls (D)
  An adder (D)
  A river rat (D)
  An ufetubus (D)
  3 bats (D)
  2 bat skeletons (D)
  2 goblins (D)
  A kobold (D)
  A ball python (D)
21 creatures vanquished.

Notes
Turn   | Place    | Note
-------+----------+-------------------------------------------
     0 | D        | rocky1 the Naga Shapeshifter began the quest for the Orb.
     0 | D        | Reached XP level 1. HP: 18/18 MP: 1/1
    21 | D        | Reached XP level 2. HP: 8/25 MP: 2/2
   295 | D        | Found a bloodstained altar of Trog.
   295 | D        | Found a shimmering blue altar of Sif Muna.
   295 | D        | Found a viscous altar of Jiyva.
   295 | D        | Found a hazy altar of Hepliaklqana.
   295 | D        | Found an opulent altar of Gozag.
   296 | D        | Found a glowing golden altar of the Shining One.
   296 | D        | Found a glowing silver altar of Zin.
   296 | D        | Found a basalt altar of Yredelemnul.
   296 | D        | Found a shimmering altar of Xom.
   296 | D        | Found an ornate altar of the Wu Jian Council.
   296 | D        | Found a sacrificial altar of Ru.
   296 | D        | Found a stormy altar of Qazlal.
   296 | D        | Found an iron altar of Okawaru.
   296 | D        | Found a sparkling altar of Nemelex Xobeh.
   296 | D        | Found a burning altar of Makhleb.
   296 | D        | Found a blossoming altar of Fedhas.
   296 | D        | Found a white marble altar of Elyvilon.
   296 | D        | Found a shadowy altar of Dithmenos.
   296 | D        | Found a snail-covered altar of Cheibriados.
   298 | D        | Found a radiant altar of Vehumet.
   298 | D        | Found a corrupted altar of Lugonu.
   299 | D        | Found a hide-covered altar of Uskayaw.
   299 | D        | Found an ancient bone altar of Kikubaaqudgha.
   299 | D        | Found a broken altar of Ashenzari.
   303 | D        | Became a worshipper of Gozag Ym Sagoz the Greedy
   342 | D        | Reached skill level 4 in Unarmed Combat
   618 | D        | Noticed a glass eye
   621 | D        | Reached XP level 3. HP: 30/31 MP: 3/3
   635 | D        | Killed a glass eye
   636 | D        | Reached skill level 8 in Unarmed Combat
   636 | D        | Reached XP level 4. HP: 44/44 MP: 4/4
   636 | D        | Reached XP level 5. HP: 50/50 MP: 5/5
   697 | D        | Reached XP level 6. HP: 57/57 MP: 6/6
   791 | D        | Reached skill level 9 in Unarmed Combat
   890 | D        | Reached skill level 10 in Unarmed Combat
   897 | D        | Reached XP level 7. HP: 11/66 MP: 7/7
   903 | D        | HP: 3/64 [wight/+3 long sword of freezing (5)]
   903 | D        | Slain by a wight

Illustrated notes

Levels and vault maps discovered:
D:        pitsprint [storerooms_1, entrance_room_1, metal_vault_4, armoury_1,
          mini_pit_1, grid_room_1, main_hall_1, silver_pit, the_coven_1,
          the_vestibule_1, steel_vault_4, golden_pit, hallway_of_sentries,
          crystal_vault_2, iron_vault_5, final_vault]

Skill      XL: |  1  2  3  4  5  6 |
---------------+-------------------+-----
Shapeshifting  | 4 7 8 9 |  9.0
Unarmed Combat | 4 8 10 | 10.4
Dodging        | 2 3 |  3.0
Fighting       | 3 4 |  4.7
Armour         | |  0.8

Action                     |  1- 3 |  4- 6 |  7- 9 || total
---------------------------+-------+-------+-------++-------
  Melee: Unarmed           |    37 |    40 |     5 ||    82
         Punch             |     1 |       |     1 ||     2
    Use: Potion            |       |     1 |     2 ||     3
 Armour: Animal skin       |    17 |     6 |       ||    23
         Chain mail        |       |    21 |     4 ||    25
  Dodge: Dodged            |    11 |    13 |       ||    24

Table legend: (Time is in decaauts)
 A = Elapsed time spent in this place.
 B = Non-inter-level travel time spent in this place.
 C = Inter-level travel time spent in this place.
 D = Time resting spent in this place.
 E = Time spent auto-exploring this place.
 F = Levels seen in this place.
 G = Mean time per level.
                   A        B        C        D        E       F      G
               +--------+--------+--------+--------+--------+-----+--------+
         Total |    954 |    935 |     19 |    650 |      0 |   1 |  954.0 |
       Dungeon |    954 |    935 |     19 |    650 |      0 |   1 |  954.0 |
               +--------+--------+--------+--------+--------+-----+--------+

Top non-repeatable levels by time:
       D: 954 daAuts
